 Seeded DCSS version 0.30-a0-358-g0d69a1922f (webtiles) character file.

Game seed: 8607917131626996879 (custom seed)

314 purpskrrrp the Shield-Bearer (level 6, -1/53 HPs)
             Began as a Minotaur Fighter on Nov 9, 2022.
             Was a Believer of Trog.
             Killed from afar by an orc wizard (8 damage)
             ... with a magic dart
             ... on level 4 of the Dungeon.
             The game lasted 00:03:27 (3162 turns).

purpskrrrp the Shield-Bearer (Minotaur Fighter)     Turns: 3162, Time: 00:03:27

Health: -1/53      AC:  7    Str: 23    XL:     6   Next: 19%
Magic:  5/5        EV: 10    Int:  5    God:    Trog [**....]
Gold:   217        SH:  4    Dex:  9    Spells: 5/5 levels left

rFire   . . .      SeeInvis .    a - +0 war axe
rCold   . . .      Faith    .    c - +0 buckler
rNeg    . . .      Spirit   .    b - +0 scale mail
rPois   .          Reflect  .    (helmet restricted)
rElec   .          Harm     .    l - scarf {shadows}
rCorr   .          Rampage  .    (no gloves)
Will    ++...                    (no boots)
Stlth   ..........               (no amulet)
HPRegen 1.28/turn                (no ring)
MPRegen 0.09/turn                (no ring)

@: strong-willed, on berserk cooldown, regenerating, slowed, very slow
A: horns 2, retaliatory headbutt
a: Renounce Religion, Berserk, Trog's Hand


You were on level 4 of the Dungeon.
You worshipped Trog.
Trog was pleased with you.
You visited 1 branch of the dungeon, and saw 4 of its levels.

You collected 217 gold pieces.

Inventory:

Hand Weapons
 a - a +0 war axe (weapon)
Missiles
 j - a throwing net (quivered)
Armour
 b - a +0 scale mail (worn)
 c - a +0 buckler (worn)
 l - a scarf of shadows (worn)
Jewellery
 m - a +6 ring of intelligence
 s - an amulet of regeneration
Scrolls
 f - a scroll of noise {unknown}
 g - 4 scrolls of identify {unknown}
 h - 2 scrolls of poison {unknown}
 k - 2 scrolls of fog {unknown}
 n - 2 scrolls of magic mapping {unknown}
 o - a scroll of teleportation {unknown}
 p - 3 scrolls of enchant weapon {unknown}
 q - a scroll of vulnerability {unknown}
 r - a scroll of fear {unknown}
Potions
 d - a potion of might
 e - 3 potions of curing {unknown}
 i - a potion of brilliance {unknown}


   Skills:
 + Level 4.5 Fighting
 * Level 4.6 Axes
 + Level 4.5 Armour
 * Level 3.4 Dodging
 + Level 4.7 Shields


You had 5 spell levels left.
You didn't know any spells.
Your spell library contained the following spells:

 Spells                   Type           Power      Damage    Failure   Level
 Slow                     Hex            0%         N/A       86%         1
 Confusing Touch          Hex            0%         N/A       99%         3
 Vampiric Draining        Necr           0%         2d6       99%         3


Dungeon Overview and Level Annotations

Branches:
Dungeon (4/15)
 Temple: D:4-7

Altars:
Trog


Innate Abilities, Weirdness & Mutations

You have a pair of horns on your head.
You reflexively headbutt those who attack you in melee.


Message History

Items here: ) [ †††.
You start resting.
You feel your anger nearly subside. Something hits you.
* * * LOW HITPOINT WARNING * * *
You start resting.
You are no longer berserk.
You are exhausted.
You feel yourself slow down. Something hits you but does no damage.
Something hits you but does no damage.
You barely miss something.
You hear some strange, mumbled words.
A puff of flame appears from out of thin air!
The puff of flame hits you but does no damage.
Something hits you.
* * * LOW HITPOINT WARNING * * *
You hit something. Your headbutt misses something.
Something hits you but does no damage. x2
You closely miss something. Your headbutt misses something.
Something hits you but does no damage. x2
You closely miss something. Something hits you but does no damage.
Something hits you.
* * * LOW HITPOINT WARNING * * *
You closely miss something. Something hits you but does no damage.
Something hits you.
* * * LOW HITPOINT WARNING * * *
You miss something.
You hear some strange, mumbled words.
A magic dart appears from out of thin air!
The magic dart hits you!
* * * LOW HITPOINT WARNING * * *
Something hits you but does no damage.
You hit something but do no damage.
Something hits you but does no damage. x2
Okay, then.
Your skin crawls.
You feel strong-willed.
You hear some strange, mumbled words.
A magic dart appears from out of thin air!
The magic dart hits you!
You die...

##..# ##..##
##..## #..##
##..# ##..## #
##..## #..
##..## ....
#..@##.....
#..#{).....
#..#.)).....
$............
..............
##............
##...........
#..........#


There were no monsters in sight!

Vanquished Creatures
  An orc priest (D:3)
  Natasha (thrice) (D:3)
  An iguana (D:4)
  2 orc wizards (D:3)
  4 gnolls (D:3)
  2 adders
  A worm (D:3)
  2 dart slugs
  11 orcs
  7 ball pythons
  3 bats
  5 endoplasms
  2 giant cockroaches (D:1)
  A goblin (D:4)
  7 hobgoblins
  3 quokkas
  5 frilled lizards
  7 kobolds
  10 rats
77 creatures vanquished.

Notes
Turn   | Place    | Note
-------+----------+-------------------------------------------
     0 | D:1      | purpskrrrp the Minotaur Fighter began the quest for the
                  | Orb.
     0 | D:1      | Reached XP level 1. HP: 19/19 MP: 0/0
   147 | D:1      | Reached XP level 2. HP: 27/27 MP: 1/1
   423 | D:1      | Reached skill level 1 in Dodging
   844 | D:2      | Reached XP level 3. HP: 33/33 MP: 2/2
   935 | D:2      | Found a faded altar of an unknown god.
   962 | D:2      | Prayed at the altar of an unknown god.
   962 | D:2      | Became a worshipper of Trog the Wrathful
   962 | D:2      | Reached * piety under Trog
  1449 | D:3      | Noticed Natasha
  1453 | D:3      | Killed Natasha
  1568 | D:3      | Reached XP level 4. HP: 40/40 MP: 3/3
  1713 | D:3      | Reached ** piety under Trog
  1720 | D:3      | Noticed Natasha
  1724 | D:3      | Killed Natasha
  1791 | D:3      | Noticed Natasha
  1800 | D:3      | Killed Natasha
  1884 | D:3      | Reached XP level 5. HP: 46/46 MP: 4/4
  2765 | D:3      | Reached XP level 6. HP: 51/53 MP: 5/5
  3162 | D:4      | Killed from afar by an orc wizard

Illustrated notes

Levels and vault maps discovered:
D:1:      amcnicky_arrival_underground_garden, layout_basic
D:2:      layout_loops_ring, chequers_ecumenical_altar_island
D:3:      layout_basic, serial_bayou_crossing, uniq_natasha
D:4:      layout_cave_pods, hangedman_abyss_or_decor_passed

Skill      XL: |  1  2  3  4  5 |
---------------+----------------+-----
Dodging        | 1 2 3 |  3.4
Axes           | 3 4 |  4.6
Armour         | 4 |  4.5
Shields        | 4 |  4.7
Fighting       | 4 |  4.5

Action                   |  1- 3 |  4- 6 || total
-------------------------+-------+-------++-------
Melee: War axe           |    74 |    95 ||   169
       Headbutt          |     6 |    17 ||    23
Invok: Berserk           |       |     2 ||     2
       Trog's Hand       |       |     1 ||     1
Armor: Scale mail        |    30 |    42 ||    72
Dodge: Dodged            |    26 |    45 ||    71
Block: Buckler           |    21 |    25 ||    46

Table legend: (Time is in decaauts)
 A = Elapsed time spent in this place.
 B = Non-inter-level travel time spent in this place.
 C = Inter-level travel time spent in this place.
 D = Time resting spent in this place.
 E = Time spent auto-exploring this place.
 F = Levels seen in this place.
 G = Mean time per level.
                   A        B        C        D        E       F      G
               +--------+--------+--------+--------+--------+-----+--------+
         Total |   3245 |   3161 |     84 |    434 |   2246 |   4 |  811.2 |
       Dungeon |   3245 |   3161 |     84 |    434 |   2246 |   4 |  811.2 |
               +--------+--------+--------+--------+--------+-----+--------+

Top non-repeatable levels by time:
     D:3: 1690 daAuts
     D:1: 812 daAuts
     D:2: 622 daAuts
     D:4: 121 daAuts
